[Event "European Online Club-ch-C 2021"]
[Site "Online"]
[Date "2021.03.27"]
[Round "9.4"]
[White "Deveci, Huseyin Said"]
[Black "Schulze, Lara"]
[Result "0-1"]
[ECO "B69"]
[WhiteElo "1521"]
[BlackElo "2269"]
[Annotator "NA"]
[PlyCount "110"]
[EventDate "2021.03.27"]
[EventType "team-tourn"]
[EventCountry "NET"]
[SourceTitle "playchess.com"]
[Source "ChessBase"]
[SourceQuality "1"]
[TimeControl "900+5"]

1. e4 c5 2. Nf3 d6 3. d4 cxd4 4. Nxd4 Nf6 5. Nc3 Nc6 6. Bg5 e6 7. Qd2 a6 8. O-O-O Bd7 9. f4 Be7 10. Nf3 b5 11. Bxf6 gxf6 12. Kb1 Qb6 13. Ne2 O-O-O 14. Ned4 Kb8 15. c3 Ka7 16. Bd3 Rb8 17. Bc2 Na5 18. Qe2 Rhc8 19. Nb3 Nc4 20. Ka1 a5 21. Bd3 a4 22. Nbd4 Qa5 23. Bxc4 bxc4 24. Nc2 a3 25. Nxa3 d5 26. Nb1 Ba4 27. Rd2 Bd6 28. g3 Bc6 29. Nd4 Ba8 30. e5 Be7 31. Qe3 Ka6 32. Re1 f5 33. h3 h5 34. Qe2 h4 35. g4 fxg4 36. hxg4 Bc6 37. f5 Bg5 38. Nxc6 Rxc6 39. Rc2 Rcb6 40. fxe6 fxe6 41. Rf1 Qc5 42. Qf3 R6b7 43. Qe2 Rf8 44. Rf3 Rbf7 45. Rxf7 Rxf7 46. Qh2 Qe3 47. a3 Qg3 48. Qe2 Bf4 49. b3 Qd3 50. bxc4 dxc4 51. Ka2 Qxe2 52. Rxe2 h3 53. Re1 h2 54. Rh1 Rg7 55. Rf1 Rxg4 0-1

[Event "European Online Club-ch-C 2021"]
[Site "Online"]
[Date "2021.03.27"]
[Round "9.5"]
[White "Markoja, Boris"]
[Black "Delgado Ramirez, Neuris"]
[Result "0-1"]
[ECO "A63"]
[WhiteElo "2439"]
[BlackElo "2615"]
[Annotator "ChessBase"]
[PlyCount "84"]
[EventDate "2021.03.27"]
[EventType "team-tourn"]
[EventCountry "NET"]
[SourceTitle "playchess.com"]
[Source "ChessBase"]
[SourceQuality "1"]
[TimeControl "900+5"]

1. d4 Nf6 2. c4 e6 3. g3 c5 4. d5 exd5 5. cxd5 d6 6. Nc3 g6 7. Bg2 Bg7 8. Nf3 O-O 9. O-O a6 10. a4 Nbd7 11. Bf4 Qc7 12. h3 Re8 13. Re1 Nh5 14. Bd2 Rb8 15. a5 b5 16. axb6 Rxb6 17. Ra2 Qb8 18. Na4 Rb5 19. Bc3 Nhf6 20. Nd2 Bb7 21. e4 Ne5 22. Bf1 g5 23. Bxe5 Rxe5 24. Nc3 Rb4 25. Bxa6 Bxa6 26. Rxa6 Qc8 27. Rxd6 Qxh3 28. Rd8+ Bf8 29. Qf3 Ng4 30. Qg2 Qh6 31. b3 Qf6 32. Rc8 Rd4 33. Nc4 Rd3 34. f4 gxf4 35. gxf4 Qh4 36. Re3 Rxe4 37. Rxe4 Rg3 38. Kf1 Rxg2 39. Kxg2 Qf2+ 40. Kh3 Qf3+ 41. Kh4 Nf2 42. Ne5 Qh3+ 0-1

[Event "European Online Club-ch-C 2021"]
[Site "Online"]
[Date "2021.03.27"]
[Round "9.6"]
[White "Martinez Alcantara, Jose Eduardo"]
[Black "Subelj, Jan"]
[Result "1-0"]
[ECO "B10"]
[WhiteElo "2620"]
[BlackElo "2418"]
[Annotator "ChessBase"]
[PlyCount "113"]
[EventDate "2021.03.27"]
[EventType "team-tourn"]
[EventCountry "NET"]
[SourceTitle "playchess.com"]
[Source "ChessBase"]
[SourceQuality "1"]
[TimeControl "900+5"]

1. e4 c6 2. Nf3 d5 3. d3 dxe4 4. dxe4 Qxd1+ 5. Kxd1 Nf6 6. Bd3 Nbd7 7. Nc3 Nc5 8. h3 b6 9. Be3 Nxd3 10. cxd3 Bb7 11. a4 c5 12. Nd2 e6 13. a5 O-O-O 14. axb6 axb6 15. Ke2 Bc6 16. Ra7 Rd7 17. Rha1 Bd6 18. Nc4 Rxa7 19. Rxa7 Bc7 20. f3 Kb8 21. Ra1 Kb7 22. d4 cxd4 23. Bxd4 Nd7 24. b4 e5 25. Be3 Ra8 26. Rxa8 Kxa8 27. b5 Bb7 28. Na4 Ka7 29. Kd3 f6 30. Na5 Ba8 31. Nc3 Bd6 32. Nc6+ Kb7 33. Nd5 Bc5 34. Bxc5 Nxc5+ 35. Kc4 Ne6 36. h4 Nc5 37. h5 h6 38. Nd8+ Ka7 39. Ne7 Kb8 40. Nd5 Ka7 41. g4 Bb7 42. Ne7 Kb8 43. Nf5 Bc8 44. Nxg7 Kc7 45. Nf7 Kd7 46. Nxh6 Ke7 47. Nhf5+ Kf7 48. Nd6+ Kxg7 49. Nxc8 Ne6 50. Nxb6 Nd4 51. Nd5 Nxf3 52. b6 Nd4 53. b7 Nc6 54. Kc5 Nb8 55. Kd6 Na6 56. Nb4 Nb8 57. Kc7 1-0

[Event "European Online Club-ch-C 2021"]
[Site "Online"]
[Date "2021.03.27"]
[Round "9.7"]
[White "Skuhala, Jernej"]
[Black "Gukesh D"]
[Result "0-1"]
[ECO "B15"]
[WhiteElo "2351"]
[BlackElo "2563"]
[Annotator "ChessBase"]
[PlyCount "70"]
[EventDate "2021.03.27"]
[EventType "team-tourn"]
[EventCountry "NET"]
[SourceTitle "playchess.com"]
[Source "ChessBase"]
[SourceQuality "1"]
[TimeControl "900+5"]

1. e4 c6 2. d4 d5 3. Nc3 dxe4 4. Nxe4 Nf6 5. Nxf6+ exf6 6. Nf3 Bd6 7. Bd3 O-O 8. O-O Re8 9. c3 Nd7 10. Re1 Nf8 11. Rxe8 Qxe8 12. Be3 Ng6 13. Qb3 Qd8 14. Bc4 Qc7 15. h3 b5 16. Bd3 Be6 17. Qc2 Re8 18. a4 Bd5 19. Nd2 Bf4 20. Bxg6 hxg6 21. Nf1 Bd6 22. b3 f5 23. c4 bxc4 24. bxc4 Be4 25. Qc3 f4 26. Bd2 c5 27. Re1 cxd4 28. Qxd4 Qc6 29. Bc3 f6 30. c5 Bxc5 31. Qc4+ Kh7 32. Qe2 Bxg2 33. Qxe8 Qf3 34. Ne3 Bxh3 35. Qa8 Qxa8 0-1

[Event "European Online Club-ch-C 2021"]
[Site "Online"]
[Date "2021.03.27"]
[Round "9.8"]
[White "Alvarez Fernandez, Enrique"]
[Black "Marn, Jan"]
[Result "1-0"]
[ECO "D31"]
[WhiteElo "2349"]
[BlackElo "2346"]
[Annotator "NA"]
[PlyCount "68"]
[EventDate "2021.03.27"]
[EventType "team-tourn"]
[EventCountry "NET"]
[SourceTitle "playchess.com"]
[Source "ChessBase"]
[SourceQuality "1"]
[TimeControl "900+5"]

1. d4 d5 2. c4 e6 3. Nf3 c6 4. Nc3 dxc4 5. e3 b5 6. a4 Bb4 7. Bd2 a5 8. g3 Nf6 9. Bg2 O-O 10. Ne5 Nd5 11. O-O f6 12. Nf3 Bxc3 13. bxc3 Bb7 14. e4 Nc7 15. e5 f5 16. Qb1 Nd7 17. h4 Nb6 18. h5 Nxa4 19. Rxa4 bxa4 20. Qxb7 Qd7 21. Ng5 h6 22. Nxe6 Qxe6 23. Qxc7 Rab8 24. Qxc6 Qxc6 25. Bxc6 a3 26. Ra1 Rb3 27. Bd5+ Kh8 28. Bxc4 Rb2 29. Bc1 Rc2 30. Bxa3 Rc8 31. Be6 R8xc3 32. Bxf5 Re2 33. Bc5 g6 34. hxg6 Rcc2 1-0

[Event "European Online Club-ch-C 2021"]
[Site "Online"]
[Date "2021.03.27"]
[Round "9.9"]
[White "Migot, Tangi"]
[Black "Michalik, Peter"]
[Result "0-1"]
[ECO "B92"]
[WhiteElo "2353"]
[BlackElo "2594"]
[Annotator "ChessBase"]
[PlyCount "118"]
[EventDate "2021.03.27"]
[EventType "team-tourn"]
[EventCountry "NET"]
[SourceTitle "playchess.com"]
[Source "ChessBase"]
[SourceQuality "1"]
[TimeControl "900+5"]

1. e4 c5 2. Nf3 d6 3. d4 cxd4 4. Nxd4 Nf6 5. Nc3 a6 6. Be2 e5 7. Nb3 Be7 8. O-O O-O 9. Re1 Be6 10. Bf3 Nbd7 11. a4 Rc8 12. a5 Nc5 13. Nd2 Qc7 14. Nf1 Rfd8 15. Bg5 Ncd7 16. Ne3 h6 17. Bxf6 Nxf6 18. Ncd5 Nxd5 19. exd5 Bd7 20. c4 b5 21. Be2 Rb8 22. b3 Bg5 23. Nc2 bxc4 24. Bxc4 Bb5 25. Na3 Bxc4 26. Nxc4 Rb5 27. Qd3 Qc5 28. Red1 Rdb8 29. Rab1 Bd8 30. Qd2 Rxb3 31. Rxb3 Rxb3 32. Rc1 Bg5 33. Ne3 Qd4 34. Rc8+ Kh7 35. Qc2+ Qd3 36. Qxd3+ Rxd3 37. Rc6 Bxe3 38. fxe3 Rxd5 39. Rxa6 Kg6 40. Ra7 Kf6 41. Kf2 Rd2+ 42. Kf1 Ra2 43. Ra6 Ke6 44. Ra7 h5 45. h4 g6 46. a6 f6 47. e4 f5 48. exf5+ Kxf5 49. Ra8 Ke4 50. a7 d5 51. Kg1 d4 52. Kh2 Ra3 53. g4 hxg4 54. Kg2 d3 55. Kf2 Ra2+ 56. Kg3 d2 57. Rd8 Ke3 58. Kxg4 Rxa7 59. Kg5 Ra4 0-1

[Event "European Online Club-ch-C 2021"]
[Site "Online"]
[Date "2021.03.27"]
[Round "9.10"]
[White "Plat, Vojtech"]
[Black "Le Goff, Ronan"]
[Result "1/2-1/2"]
[ECO "C45"]
[WhiteElo "2552"]
[BlackElo "2288"]
[Annotator "ChessBase"]
[PlyCount "113"]
[EventDate "2021.03.27"]
[EventType "team-tourn"]
[EventCountry "NET"]
[SourceTitle "playchess.com"]
[Source "ChessBase"]
[SourceQuality "1"]
[TimeControl "900+5"]

1. e4 e5 2. Nf3 Nc6 3. d4 exd4 4. Nxd4 Nf6 5. Nxc6 bxc6 6. e5 Qe7 7. Qe2 Nd5 8. c4 Nb6 9. b3 a5 10. a4 Qe6 11. g3 Bb4+ 12. Bd2 O-O 13. Bg2 Re8 14. f4 f6 15. Bxb4 axb4 16. a5 fxe5 17. O-O Bb7 18. Nd2 Nc8 19. f5 Qf7 20. Ne4 Nd6 21. Nc5 e4 22. Qd2 e3 23. Qxb4 e2 24. Rf2 Qf6 25. Re1 Qd4 26. Nxb7 Nxb7 27. Qxb7 Rxa5 28. Bd5+ cxd5 29. Kg2 Qe4+ 30. Kg1 dxc4 31. Qxe4 Rxe4 32. bxc4 Ra2 33. Kg2 Kf7 34. Kf3 Rxc4 35. Rfxe2 Rc3+ 36. Kf4 Rxe2 37. Rxe2 Rc4+ 38. Kf3 h5 39. h3 Kf6 40. g4 hxg4+ 41. hxg4 g6 42. fxg6 Kxg6 43. Re7 d5 44. Re5 c6 45. g5 Kh5 46. Ke3 Rc1 47. Kd2 Rc4 48. Kd3 Kg6 49. Ke3 Kf7 50. Kf3 Rc1 51. Kg4 d4 52. Kf5 Rf1+ 53. Ke4 Re1+ 54. Kxd4 Rxe5 55. Kxe5 Kg6 56. Kd6 Kxg5 57. Kxc6 1/2-1/2

[Event "European Online Club-ch-C 2021"]
[Site "Online"]
[Date "2021.03.27"]
[Round "9.11"]
[White "Bouget, Alexandre"]
[Black "Stocek, Jiri"]
[Result "0-1"]
[ECO "E41"]
[WhiteElo "2247"]
[BlackElo "2604"]
[Annotator "ChessBase"]
[PlyCount "178"]
[EventDate "2021.03.27"]
[EventType "team-tourn"]
[EventCountry "NET"]
[SourceTitle "playchess.com"]
[Source "ChessBase"]
[SourceQuality "1"]
[TimeControl "900+5"]

1. d4 Nf6 2. c4 e6 3. Nc3 Bb4 4. e3 c5 5. Nf3 Nc6 6. Bd2 cxd4 7. exd4 O-O 8. Bd3 d5 9. cxd5 exd5 10. O-O Bg4 11. Be3 Re8 12. h3 Bh5 13. Rc1 Ne4 14. g4 Bg6 15. Ne2 Bd6 16. Nf4 Bxf4 17. Bxf4 Qf6 18. Be3 h6 19. Kg2 Rad8 20. Bb5 Nd6 21. Bxc6 bxc6 22. Ne5 Nc4 23. Nxc4 dxc4 24. Rxc4 Be4+ 25. f3 Bd5 26. Rc3 c5 27. dxc5 Bc4 28. Qc1 Bxf1+ 29. Qxf1 Qxc3 30. bxc3 Rxe3 31. Qc4 Rd2+ 32. Kg3 g5 33. Qf1 Rxc3 34. Qe1 Rcc2 35. Qe8+ Kg7 36. Qe5+ Kg6 37. Qf5+ Kg7 38. Qe5+ Kf8 39. Qb8+ Ke7 40. Qxa7+ Kf6 41. Qa6+ Kg7 42. Qf1 Rxa2 43. c6 Rdc2 44. Qg1 Rxc6 45. Qd4+ Rf6 46. Qc5 Rd2 47. Qc4 Rdd6 48. Qb5 Rb6 49. Qd5 Rbd6 50. Qb5 Rd2 51. Qc4 Rd7 52. Qe4 Rdd6 53. h4 gxh4+ 54. Kxh4 Rde6 55. Qd4 Kh7 56. Kg3 h5 57. gxh5 Kh6 58. Qh4 Rf5 59. Qd4 Rxh5 60. Qh8+ Kg6 61. Qg8+ Kf6 62. Qd8+ Kg7 63. Kg4 Rhh6 64. Qd4+ Ref6 65. f4 Rhg6+ 66. Kf3 Kg8 67. Qd8+ Kh7 68. Qd7 Kg7 69. Qd4 Rh6 70. Qe5 Kg8 71. Qe8+ Kh7 72. Qe4+ Kg7 73. Qe5 Rh1 74. Qg5+ Rg6 75. Qe5+ Kg8 76. Qe8+ Kg7 77. Qe5+ Kh7 78. Qf5 Kg8 79. Qc8+ Kg7 80. Qc3+ Rf6 81. Qc4 Rh4 82. Kg3 Rhxf4 83. Qd5 R4f5 84. Qd4 Rg5+ 85. Kh4 Rgg6 86. Kh5 Kh7 87. Qe4 Rf2 88. Qe5 Rh2+ 89. Qxh2 Rh6+ 0-1

[Event "European Online Club-ch-C 2021"]
[Site "Online"]
[Date "2021.03.27"]
[Round "9.12"]
[White "Krejci, Jan"]
[Black "Lahoche, Dorian"]
[Result "1/2-1/2"]
[ECO "A26"]
[WhiteElo "2540"]
[BlackElo "2124"]
[Annotator "ChessBase"]
[PlyCount "106"]
[EventDate "2021.03.27"]
[EventType "team-tourn"]
[EventCountry "NET"]
[SourceTitle "playchess.com"]
[Source "ChessBase"]
[SourceQuality "1"]
[TimeControl "900+5"]

1. c4 e5 2. Nc3 Nf6 3. g3 g6 4. Bg2 Bg7 5. e4 Nc6 6. Nge2 O-O 7. d3 d6 8. h3 Be6 9. O-O Qd7 10. Kh2 Nd4 11. Nxd4 exd4 12. Ne2 c5 13. f4 Qc7 14. b4 Bd7 15. bxc5 dxc5 16. f5 Ne8 17. Bf4 Be5 18. Bh6 Bg7 19. Qd2 f6 20. Bxg7 Kxg7 21. fxg6 hxg6 22. Nf4 Qe5 23. Nd5 Bc6 24. Rf4 Nd6 25. Raf1 Bxd5 26. cxd5 b5 27. h4 c4 28. Bh3 c3 29. Qe2 a5 30. Be6 b4 31. Qg4 Qh5 32. Qh3 a4 33. Rg4 b3 34. Bf5 Nxf5 35. Rxf5 g5 36. e5 Kh6 37. exf6 c2 38. Rfxg5 c1=Q 39. Rxh5+ Kxh5 40. Rg5+ Qxg5 41. hxg5+ Kxg5 42. Qh4+ Kg6 43. Qe4+ Kxf6 44. Qxd4+ Kg6 45. Qg4+ Kh6 46. axb3 a3 47. Qe6+ Kg7 48. Qe5+ Kg6 49. Qe4+ Kh6 50. Qh4+ Kg6 51. Qg4+ Kh6 52. Qh4+ Kg6 53. Qg4+ Kh6 1/2-1/2

[Event "European Online Club-ch-C 2021"]
[Site "Online"]
[Date "2021.03.27"]
[Round "9.13"]
[White "Braun, Christian"]
[Black "Bluebaum, Matthias"]
[Result "0-1"]
[ECO "C00"]
[WhiteElo "2409"]
[BlackElo "2670"]
[Annotator "ChessBase"]
[PlyCount "80"]
[EventDate "2021.03.27"]
[EventType "team-tourn"]
[EventCountry "NET"]
[SourceTitle "playchess.com"]
[Source "ChessBase"]
[SourceQuality "1"]
[TimeControl "900+5"]

1. e4 e6 2. d3 d5 3. Nd2 Nf6 4. Ngf3 b6 5. g3 dxe4 6. dxe4 Bb7 7. Qe2 Nc6 8. c3 a5 9. a4 e5 10. Nc4 Bc5 11. Bg5 Ba6 12. Qc2 h6 13. Be3 Bxc4 14. Bxc4 Bxe3 15. Bb5 Qd6 16. Rd1 Qe6 17. Nxe5 O-O 18. Nxc6 Ng4 19. fxe3 Nxe3 20. Qd3 Nxd1 21. Kxd1 Rae8 22. Rf1 Qxe4 23. Qxe4 Rxe4 24. Kc2 g6 25. Nd4 f5 26. Bc4+ Kh7 27. Rd1 Rf6 28. Bd3 Re7 29. h4 Re3 30. Ne2 Rd6 31. h5 Rdxd3 32. hxg6+ Kg7 33. Rxd3 Rxe2+ 34. Kb3 Re7 35. Kc4 Kxg6 36. b4 Kg5 37. Kb5 Kg4 38. bxa5 Re5+ 39. Kc6 Rc5+ 40. Kd7 bxa5 0-1

[Event "European Online Club-ch-C 2021"]
[Site "Online"]
[Date "2021.03.27"]
[Round "9.14"]
[White "Donchenko, Alexander"]
[Black "Lenaerts, Lennert"]
[Result "1-0"]
[ECO "D11"]
[WhiteElo "2678"]
[BlackElo "2357"]
[Annotator "ChessBase"]
[PlyCount "75"]
[EventDate "2021.03.27"]
[EventType "team-tourn"]
[EventCountry "NET"]
[SourceTitle "playchess.com"]
[Source "ChessBase"]
[SourceQuality "1"]
[TimeControl "900+5"]

1. d4 d5 2. c4 c6 3. Nf3 Nf6 4. Qc2 g6 5. cxd5 cxd5 6. Nc3 a6 7. Bf4 Nc6 8. e3 Bg7 9. Be2 O-O 10. O-O Bg4 11. h3 Bxf3 12. Bxf3 e6 13. Rac1 Qe7 14. Na4 Nd7 15. Qd2 Rac8 16. a3 Rfd8 17. Rfd1 b5 18. Nc5 Nxc5 19. Rxc5 e5 20. Bg3 exd4 21. Qc2 Na7 22. exd4 Bxd4 23. Rxc8 Rxc8 24. Qb3 Qf6 25. Qxd5 Bb6 26. Qd6 Qxd6 27. Rxd6 Rc1+ 28. Kh2 Nc8 29. Rd7 Kf8 30. Bd5 Rd1 31. Rxf7+ Ke8 32. Ba2 Rd2 33. Rxh7 Bxf2 34. Bf4 Rxb2 35. Be6 Nb6 36. Bd6 Bd4 37. Rb7 Nc4 38. Rb8# 1-0

[Event "European Online Club-ch-C 2021"]
[Site "Online"]
[Date "2021.03.27"]
[Round "9.15"]
[White "Zimmermann, Luc"]
[Black "Heimann, Andreas"]
[Result "0-1"]
[ECO "B22"]
[WhiteElo "2151"]
[BlackElo "2606"]
[Annotator "ChessBase"]
[PlyCount "82"]
[EventDate "2021.03.27"]
[EventType "team-tourn"]
[EventCountry "NET"]
[SourceTitle "playchess.com"]
[Source "ChessBase"]
[SourceQuality "1"]
[TimeControl "900+5"]

1. e4 c5 2. c3 Nf6 3. e5 Nd5 4. d4 cxd4 5. Nf3 d6 6. Bc4 e6 7. cxd4 Be7 8. O-O O-O 9. Qe2 b6 10. Bd2 Bb7 11. Nc3 Nxc3 12. Bxc3 dxe5 13. dxe5 Nd7 14. Rfd1 Qc7 15. Bd3 Nc5 16. Bc2 Qc6 17. Rac1 a5 18. Qe3 Rfd8 19. Bd4 h6 20. h4 Rac8 21. Bb1 Qa4 22. b3 Qb5 23. Ba1 Bxf3 24. Qxf3 Bxh4 25. Bd4 Bg5 26. Be3 Bxe3 27. Qxe3 Qb4 28. Rd6 Rxd6 29. exd6 Rd8 30. Rd1 Qg4 31. Rd4 Qg5 32. Qe1 g6 33. Qd1 Qe5 34. g3 Nb7 35. d7 Nc5 36. Rd6 Qf6 37. Rxb6 Rxd7 38. Qe1 Rd5 39. Rb8+ Kg7 40. Kg2 Qb2 41. Be4 Re5 0-1

[Event "European Online Club-ch-C 2021"]
[Site "Online"]
[Date "2021.03.27"]
[Round "9.16"]
[White "Keymer, Vincent"]
[Black "De Vries, Leon"]
[Result "1-0"]
[ECO "D75"]
[WhiteElo "2591"]
[BlackElo "2021"]
[Annotator "ChessBase"]
[PlyCount "73"]
[EventDate "2021.03.27"]
[EventType "team-tourn"]
[EventCountry "NET"]
[SourceTitle "playchess.com"]
[Source "ChessBase"]
[SourceQuality "1"]
[TimeControl "900+5"]

1. Nf3 g6 2. d4 Nf6 3. c4 Bg7 4. g3 O-O 5. Bg2 d5 6. cxd5 Nxd5 7. O-O c5 8. dxc5 Na6 9. Ng5 Nf6 10. c6 bxc6 11. Nc3 Rb8 12. Qxd8 Rxd8 13. Rd1 Rxd1+ 14. Nxd1 h6 15. Ne4 Nxe4 16. Bxe4 Nb4 17. Bf4 e5 18. Be3 f5 19. Bg2 Nc2 20. Bxa7 Ra8 21. Rc1 Nb4 22. Bc5 Nxa2 23. Ra1 Bb7 24. e4 Bf8 25. Bxf8 Kxf8 26. exf5 gxf5 27. Ne3 f4 28. Nc4 fxg3 29. hxg3 Nb4 30. Rxa8+ Bxa8 31. Nxe5 Kg7 32. f4 Nd5 33. Bxd5 cxd5 34. Nf3 Kf6 35. Nd4 Bb7 36. Kf2 h5 37. b4 1-0

[Event "European Online Club-ch-C 2021"]
[Site "Online"]
[Date "2021.03.27"]
[Round "9.17"]
[White "Wirig, Anthony"]
[Black "Fedoseev, Vladimir"]
[Result "0-1"]
[ECO "D37"]
[WhiteElo "2500"]
[BlackElo "2687"]
[Annotator "ChessBase"]
[PlyCount "62"]
[EventDate "2021.03.27"]
[EventType "team-tourn"]
[EventCountry "NET"]
[SourceTitle "playchess.com"]
[Source "ChessBase"]
[SourceQuality "1"]
[TimeControl "900+5"]

1. d4 d5 2. Nf3 Nf6 3. c4 e6 4. Nc3 a6 5. cxd5 exd5 6. Bf4 Bd6 7. Bxd6 Qxd6 8. e3 O-O 9. Be2 Nbd7 10. O-O Re8 11. Rc1 c6 12. a3 a5 13. Na4 Ne4 14. Nd2 Ng5 15. Bg4 Nf6 16. Bxc8 Raxc8 17. Nc5 h5 18. Nxb7 Qb8 19. Nxa5 Ng4 20. g3 Nh3+ 21. Kg2 Nhxf2 22. Qb3 Qa8 23. Qa4 Nd3 24. Rxc6 Nxe3+ 25. Kf3 Nxf1 26. Nxf1 Nxb2 27. Qb5 Rxc6 28. Nxc6 Qxa3+ 29. Kg2 Qd3 30. Qxd3 Nxd3 31. Kf3 Re6 0-1

[Event "European Online Club-ch-C 2021"]
[Site "Online"]
[Date "2021.03.27"]
[Round "9.18"]
[White "Matlakov, Maxim"]
[Black "Micottis, Dorian"]
[Result "1-0"]
[ECO "A36"]
[WhiteElo "2688"]
[BlackElo "2223"]
[Annotator "ChessBase"]
[PlyCount "63"]
[EventDate "2021.03.27"]
[EventType "team-tourn"]
[EventCountry "NET"]
[SourceTitle "playchess.com"]
[Source "ChessBase"]
[SourceQuality "1"]
[TimeControl "900+5"]

1. c4 g6 2. Nc3 c5 3. g3 Bg7 4. Bg2 Nc6 5. b3 b6 6. Bb2 Bb7 7. e3 d6 8. Nge2 Nh6 9. d4 Nf5 10. dxc5 dxc5 11. O-O O-O 12. Nf4 e6 13. Qe2 Qe7 14. Ne4 Ne5 15. Bc3 Rfd8 16. Qb2 Nd3 17. Nxd3 Rxd3 18. Bxg7 Nxg7 19. Nf6+ Kh8 20. Bxb7 Qxb7 21. Rad1 Rdd8 22. e4 a5 23. Qe5 Qe7 24. h4 Rxd1 25. Rxd1 Rd8 26. Rxd8+ Qxd8 27. h5 h6 28. Kg2 gxh5 29. Qf4 Nf5 30. Nxh5 Qd1 31. Qe5+ Kg8 32. Nf6+ 1-0

[Event "European Online Club-ch-C 2021"]
[Site "Online"]
[Date "2021.03.27"]
[Round "9.19"]
[White "Bruch, Jochen"]
[Black "Esipenko, Andrey"]
[Result "0-1"]
[ECO "A07"]
[WhiteElo "2187"]
[BlackElo "2677"]
[Annotator "ChessBase"]
[PlyCount "126"]
[EventDate "2021.03.27"]
[EventType "team-tourn"]
[EventCountry "NET"]
[SourceTitle "playchess.com"]
[Source "ChessBase"]
[SourceQuality "1"]
[TimeControl "900+5"]

1. Nf3 d5 2. g3 Nd7 3. Bg2 e5 4. d3 Ngf6 5. O-O Bc5 6. Nbd2 O-O 7. e4 c6 8. c3 Bd6 9. Qc2 Re8 10. Nh4 Nf8 11. Kh1 Ng6 12. Nxg6 hxg6 13. h3 a5 14. Nf3 Qc7 15. Bg5 Be6 16. Rfe1 dxe4 17. dxe4 Nd7 18. Be3 f6 19. Nh4 Bf7 20. Qe2 Rad8 21. Qg4 Nf8 22. Red1 b5 23. Rd2 Be7 24. Qe2 Rxd2 25. Qxd2 Rd8 26. Qc2 a4 27. Kh2 Qd7 28. Bf1 Ne6 29. Be2 Bc5 30. Rd1 Qe7 31. Rxd8+ Qxd8 32. Bxc5 Nxc5 33. c4 b4 34. Nf3 g5 35. Qd2 Qb8 36. Qe3 Qd6 37. Ne1 Bg6 38. f3 Bf7 39. Kg2 b3 40. a3 Ne6 41. Qc3 Nd4 42. Bf1 Qc5 43. Bd3 Qa7 44. Qb4 Ne6 45. Qd2 Qd4 46. Qf2 Qd6 47. Qe3 Nd4 48. Qc1 Qd7 49. Bf1 Ne6 50. Qe3 Qd1 51. Kf2 Nd4 52. Qc3 Bh5 53. c5 Kh7 54. Bc4 Kh8 55. Bf1 Bf7 56. Ba6 Be6 57. Bf1 Kh7 58. h4 gxh4 59. gxh4 Bf7 60. Kg3 Nc2 61. Kf2 Nxe1 62. Qxe1 Qc2+ 63. Qe2 Bc4 0-1

[Event "European Online Club-ch-C 2021"]
[Site "Online"]
[Date "2021.03.27"]
[Round "9.20"]
[White "Ponkratov, Pavel"]
[Black "Kirsch, Laurent"]
[Result "1-0"]
[ECO "D45"]
[WhiteElo "2619"]
[BlackElo "2120"]
[Annotator "ChessBase"]
[PlyCount "45"]
[EventDate "2021.03.27"]
[EventType "team-tourn"]
[EventCountry "NET"]
[SourceTitle "playchess.com"]
[Source "ChessBase"]
[SourceQuality "1"]
[TimeControl "900+5"]

1. d4 d5 2. c4 c6 3. Nf3 Nf6 4. Nc3 e6 5. e3 Nbd7 6. Qc2 Bd6 7. b3 O-O 8. Bb2 Qe7 9. Be2 b6 10. O-O Bb7 11. a4 Bb4 12. Ne5 Nxe5 13. dxe5 Nd7 14. cxd5 exd5 15. Na2 Bc5 16. b4 Bxb4 17. Nxb4 Qxb4 18. Ba3 Qh4 19. Bxf8 Rxf8 20. f4 a5 21. Rab1 Qe7 22. Bg4 Ba6 23. Rfe1 1-0